 Dungeon Crawl Stone Soup version 0.24.0-13-gcf9b3192b9 (webtiles) character file.

Game seed: 9386686941380784051, levelgen mode: deterministic

5852 Arixos the Fighter (level 10, -3/80 HPs)
             Began as a Demonspawn Monk on Nov 8, 2019.
             Was an Elder of Makhleb.
             Slain by a komodo dragon (27 damage)
             ... on level 1 of the Lair of Beasts.
             The game lasted 00:31:57 (8391 turns).

Arixos the Fighter (Demonspawn Monk)                Turns: 8391, Time: 00:31:57

Health: -3/80      AC:  7    Str: 14    XL:     10   Next: 52%
Magic:  15/15      EV: 19    Int: 12    God:    Makhleb [****..]
Gold:   291        SH:  0    Dex: 16    Spells: 9/9 levels left

rFire    . . .     SeeInvis .   s - +1 scythe (venom)
rCold    . . .     Gourm    .   (shield currently unavailable)
rNeg     . . .     Faith    .   r - +0 leather armour {rPois}
rPois    +         Spirit   .   (no helmet)
rElec    .         Reflect  .   c - +2 cloak
rCorr    .         Harm     .   (no gloves)
MR       +....                  (no boots)
Stlth    ++........             F - amulet of the acrobat
HPRegen  0.23/turn              a - ring of flight
MPRegen  0.14/turn              G - ring of protection from magic

@: no status effects
A: repulsion field 2, demonic guardian 1, spiny 2
a: Minor Destruction, Lesser Servant of Makhleb, Major Destruction, Renounce
Religion, Evoke Flight


You were on level 1 of the Lair of Beasts.
You worshipped Makhleb.
Makhleb was greatly pleased with you.
You were not hungry.

You visited 3 branches of the dungeon, and saw 10 of its levels.

You collected 406 gold pieces.
You spent 115 gold pieces at shops.

Inventory:

Hand Weapons
 e - a +2 short sword of venom
 m - a +0 whip of electrocution
 s - a +1 scythe of venom (weapon)
 D - a +1 whip of freezing
Missiles
 z - 28 poisoned darts (quivered)
Armour
 c - a +2 cloak (worn)
 r - a +0 leather armour of poison resistance (worn)
Jewellery
 a - a ring of flight (left hand)
 o - an uncursed ring of poison resistance
 F - an amulet of the acrobat (around neck)
 G - a ring of protection from magic (right hand)
 I - an uncursed ring of ice {unknown}
Wands
 J - a wand of random effects (10)
Scrolls
 d - 2 scrolls of amnesia {unknown}
 g - 2 scrolls of immolation {unknown}
 i - 6 scrolls of enchant weapon {unknown}
 l - 5 scrolls of identify {unknown}
 n - 9 scrolls of remove curse {unknown}
 p - a scroll of random uselessness {unknown}
 y - 4 scrolls of teleportation {unknown}
 B - a scroll of enchant armour {unknown}
 C - 4 scrolls of fear {unknown}
 E - 2 scrolls of blinking {unknown}
Potions
 f - 3 potions of heal wounds {unknown}
 h - 2 potions of mutation {unknown}
 j - 2 potions of might {unknown}
 k - 2 potions of berserk rage {unknown}
 t - a potion of curing {unknown}
 u - 2 potions of resistance {unknown}
 v - 3 potions of flight {unknown}
 w - a potion of brilliance {unknown}
 x - a potion of magic {unknown}
 A - a potion of degeneration {unknown}
 H - 3 potions of lignification {unknown}
Comestibles
 b - 12 rations


   Skills:
 + Level 8.0 Fighting
 * Level 6.3 Polearms
 + Level 6.7 Armour
 + Level 7.3 Dodging
 - Level 1.7 Stealth
   Level 1.5 Shields
 - Level 2.6 Unarmed Combat
 * Level 7.5 Invocations


You had 9 spell levels left.
You didn't know any spells.
Your spell library contained the following spells:

 Spells                   Type           Power        Failure   Level  Hunger
 Beastly Appendage        Tmut           #.....       38%         1    ##.....
 Sting                    Conj/Pois      #...         38%         1    ##.....
 Sticks to Snakes         Tmut           #.......     52%         2    ###....
 Spider Form              Tmut/Pois      #.........   77%         3    ####...
 Ice Form                 Ice/Tmut       #.......     99%         4    #####..
 Blade Hands              Tmut           #.........   100%        5    ######.


Dungeon Overview and Level Annotations

Branches:
Dungeon (8/15)             Temple (1/1) D:6            Lair (1/6) D:8

Altars:
Ashenzari
Cheibriados
Dithmenos
Elyvilon
Fedhas
Gozag
Hepliaklqana
Kikubaaqudgha
Makhleb
Nemelex Xobeh
Okawaru
Qazlal
Ru
Sif Muna
Trog
Uskayaw
Vehumet
Wu Jian
Xom
Yredelemnul
Zin
The Shining One

Shops:
D:6 *

Annotations:
D:7 1 runed translucent door, Garrluk's ghost, novice OgHu


Innate Abilities, Weirdness & Mutations

You are surrounded by a moderate repulsion field. (EV +3)
A weak demonic guardian rushes to your aid.
You are mostly covered in sharp spines.


Message History

The basilisk is severely wounded.
You hear an angry hiss. x2
The iguana bites you! The iguana misses you.
Your shadow imp completely misses the iguana.
The basilisk gazes at you. You resist with almost no effort.
The komodo dragon closely misses you. The iguana barely misses you.
The iguana misses you.
Your shadow imp hits the iguana.
The basilisk misses you.
You hear an angry hiss. x2
You barely miss the basilisk.
The basilisk is severely wounded.
The komodo dragon bites you!!
* * * LOW HITPOINT WARNING * * *
The iguana is struck by your spines. The iguana barely misses you. x2
Your shadow imp hits the iguana but does no damage.
The basilisk gazes at you. You resist with almost no effort.
The komodo dragon is struck by your spines.
The komodo dragon bites you!!
You die...

. ....# . >...## .
### .##### # ##...
.# # ##... ##.. .
##...###..# .
#....5....# .
...##.lll....#
.......@l..#
.....##.##...# .#
##.####..#####..P#
##.P...........#
...P.....P###.###
# .........#.# #
#............## #
##.............P#
#
#..............##


You could see a komodo dragon, a basilisk, 2 iguanas and a friendly shadow imp.

Vanquished Creatures
  Pikel (D:7)
  Joseph (D:8)
  Prince Ribbit (D:8)
  A hippogriff (Lair:1)
  A wyvern (D:8)
  Sigmund (D:5)
  A hungry ghost (D:8)
  4 yaks (Lair:1)
  2 water moccasins
  2 porcupines (D:8)
  A slave (D:7)
  An ice beast (D:8)
  An orc warrior (D:6)
  2 ogres (D:6)
  A centaur (D:6)
  2 crocodiles (Lair:1)
  9 bullfrogs
  A wyvern zombie (D:7)
  A water moccasin zombie (D:8)
  4 scorpions (D:8)
  5 killer bees (D:7)
  2 hounds
  A gnoll shaman (D:7)
  A jelly (D:5)
  8 orc wizards
  3 orc priests
  2 bullfrog skeletons
  A centaur skeleton (D:5)
  2 iguanas
  Natasha (thrice) (D:2)
  4 worker ants
  A killer bee zombie (D:6)
  A hound skeleton (D:8)
  8 gnolls
  2 howler monkey skeletons
  6 adders
  2 oozes
  An adder skeleton (D:6)
  2 worms
  2 dart slugs
  7 leopard geckos
  25 orcs
  8 bats
  6 giant cockroaches
  4 goblins
  12 hobgoblins
  5 jackals
  4 quokkas
  2 ball pythons (D:1)
  8 frilled lizards
  13 kobolds
  A leopard gecko skeleton (D:5)
  15 rats
  A fungus (D:8)
206 creatures vanquished.

Vanquished Creatures (collateral kills)
  Menkaure (D:5)
  Edmund (D:5)
  An orc warrior (D:6)
  A black bear (D:8)
  An ice beast (D:5)
  A sky beast (D:5)
  2 ogres (D:6)
  A crocodile (D:8)
  A bullfrog (D:8)
  A hound (D:8)
  An orc wizard (D:6)
  A worker ant zombie (D:5)
  2 orcs (D:6)
  A fungus (D:8)
16 creatures vanquished.

Vanquished Creatures (others)
  2 slaves (D:7)
  A rat (D:3)
  5 fungi (D:8)
8 creatures vanquished.

Grand Total: 230 creatures vanquished

Notes
Turn   | Place    | Note
-------+----------+-------------------------------------------
     0 | D:1      | Arixos the Demonspawn Monk began the quest for the Orb.
     0 | D:1      | Reached XP level 1. HP: 18/18 MP: 1/1
   221 | D:1      | Gained mutation: You are surrounded by a mild repulsion
                  | field. (EV +2) [demonic ancestry]
   221 | D:1      | Reached XP level 2. HP: 8/24 MP: 2/2
   508 | D:1      | Reached skill level 1 in Armour
   803 | D:1      | Found a shattered altar of Ashenzari.
   884 | D:1      | Reached XP level 3. HP: 29/29 MP: 3/3
  1370 | D:2      | Noticed Natasha
  1386 | D:2      | Killed Natasha
  1386 | D:2      | Gained mutation: You are partially covered in sharp spines.
                  | [demonic ancestry]
  1386 | D:2      | Reached XP level 4. HP: 13/37 MP: 4/4
  1728 | D:2      | Noticed Natasha
  1738 | D:2      | Killed Natasha
  1738 | D:2      | Reached skill level 4 in Fighting
  1981 | D:2      | Reached XP level 5. HP: 42/42 MP: 5/5
  2218 | D:2      | Noticed Natasha
  2227 | D:2      | Killed Natasha
  2833 | D:3      | Found a glowing silver altar of Zin.
  2833 | D:3      | Noticed an angel
  2835 | D:3      | Found a shimmering altar of Xom.
  3128 | D:4      | Found a white marble altar of Elyvilon.
  3144 | D:4      | Gained mutation: A weak demonic guardian rushes to your
                  | aid. [demonic ancestry]
  3144 | D:4      | Reached XP level 6. HP: 38/49 MP: 6/6
  3335 | D:4      | Found a sparkling altar of Nemelex Xobeh.
  3335 | D:4      | Found a faded altar of an unknown god.
  3340 | D:4      | Found a stormy altar of Qazlal.
  3342 | D:4      | Found a faded altar of an unknown god.
  3344 | D:4      | Found a bloodstained altar of Trog.
  3371 | D:4      | You fall into a shaft and drop 2 floors!
  3697 | D:6      | Reached skill level 5 in Fighting
  3841 | D:5      | Entered Level 5 of the Dungeon
  3841 | D:5      | Found a blossoming altar of Fedhas.
  3846 | D:5      | Noticed Edmund
  3860 | D:5      | Killed Edmund
  3860 | D:5      | Reached XP level 7. HP: 51/56 MP: 7/7
  3892 | D:5      | Reached skill level 5 in Dodging
  4088 | D:5      | Noticed Menkaure
  4095 | D:5      | Killed Menkaure
  4162 | D:5      | Found an ornate altar of the Wu Jian Council.
  4349 | D:5      | Noticed Sigmund
  4399 | D:5      | Killed Sigmund
  4399 | D:5      | Reached skill level 6 in Fighting
  4399 | D:5      | Reached XP level 8. HP: 24/64 MP: 8/8
  4832 | D:5      | Reached skill level 1 in Polearms
  4874 | D:5      | Reached skill level 5 in Armour
  4982 | D:6      | Found Rosuzooh's Assorted Antiques.
  5252 | D:6      | Bought a dented jade amulet for 115 gold pieces
  5333 | D:6      | Noticed a +0 hand axe
  5333 | D:6      | Noticed a +0 hand axe
  5334 | D:6      | Found a hide-covered altar of Uskayaw.
  5406 | D:6      | Found a staircase to the Ecumenical Temple.
  5411 | Temple   | Entered the Ecumenical Temple
  5532 | Temple   | Became a worshipper of Makhleb the Destroyer
  5532 | Temple   | Reached * piety under Makhleb
  5532 | Temple   | Reached ** piety under Makhleb
  5575 | D:6      | Reached skill level 1 in Invocations
  5879 | D:6      | Gained mutation: You are mostly covered in sharp spines.
                  | [demonic ancestry]
  5879 | D:6      | Reached XP level 9. HP: 54/71 MP: 8/10
  6182 | D:7      | Noticed Garrluk's ghost (novice OgHu)
  6188 | D:7      | Noticed Pikel
  6189 | D:7      | Found a runed translucent door.
  6205 | D:7      | Killed Pikel
  6205 | D:7      | Reached skill level 7 in Fighting
  6615 | D:7      | Found an opulent altar of Gozag.
  6725 | D:7      | Reached *** piety under Makhleb
  6894 | D:7      | Found a hazy altar of Hepliaklqana.
  7018 | D:7      | Found a shimmering blue altar of Sif Muna.
  7035 | D:7      | Identified Sif Muna's Handbook of Envenoming
  7085 | D:8      | Reached skill level 5 in Invocations
  7087 | D:8      | Reached skill level 5 in Polearms
  7095 | D:8      | Found a staircase to the Lair.
  7133 | D:8      | Reached skill level 1 in Shields
  7291 | D:8      | Gained mutation: You are surrounded by a moderate repulsion
                  | field. (EV +3) [demonic ancestry]
  7291 | D:8      | Reached XP level 10. HP: 21/79 MP: 14/14
  7601 | D:8      | Noticed Prince Ribbit
  7612 | D:8      | Killed Prince Ribbit
  7626 | D:8      | Found a shadowy altar of Dithmenos.
  7656 | D:8      | Noticed Joseph
  7667 | D:8      | Killed Joseph
  7678 | D:8      | Found an ornate altar of the Wu Jian Council.
  7859 | Lair:1   | Entered Level 1 of the Lair of Beasts
  8112 | Lair:1   | Reached skill level 8 in Fighting
  8302 | Lair:1   | Reached **** piety under Makhleb
  8391 | Lair:1   | Slain by a komodo dragon

Levels and vault maps discovered:
D:1:      elethiomel_arrival_quiet, layout_rooms, kennysheep_flooded_box,
          roderic_serpentine_path, evilmike_ruin_ashenzari
D:2:      layout_basic, first_ration, st_stairs_8, uniq_natasha
D:3:      layout_loops_cross, grunt_temple_overflow_order_and_chaos_1
D:4:      minmay_chambers_of_threes, layout_loops_ring, kennysheep_mini,
          chequers_temple_overflow_minitemple, kennysheep_generic_room_4
D:5:      layout_gridville, fedhas_altar_2, basic_altar, uniq_edmund,
          uniq_menkaure, uniq_sigmund
D:6:      layout_rooms, dancing_weapons_uskayaw, minmay_temple_entry_arrows,
          serial_shops, shop
D:7:      layout_loops_ring, led_sif_book, lemuel_crystal_altar,
          grunt_gozag_statues, hellmonk_ghost_happy_afterlife, uniq_pikel
D:8:      layout_rooms, overflow_temple_1_default, due_lair_maze_entry_diamond,
          nicolae_dithmenos_shadow_blocks, uniq_prince_ribbit1, uniq_joseph
Temple:   nicolae_temple_figure_zero
Lair:1:   beast_lair_carwin_large_1, layout_layer_cave

Skill      XL: |  1  2  3  4  5  6  7  8  9 10 |
---------------+-------------------------------+-----
Armour         | 1 2 3 4 5 6 |  6.7
Dodging        | 3 4 5 6 7 |  7.3
Fighting       | 4 5 6 7 8 |  8.0
Polearms       | 3 5 6 |  6.3
Invocations    | 2 5 7 |  7.5
Shields        | 1 |  1.5
Stealth        | |  1.7
Unarmed Combat | |  2.6

Action                   |  1- 3 |  4- 6 |  7- 9 | 10-12 || total
-------------------------+-------+-------+-------+-------++-------
Melee: Unarmed           |    63 |       |       |       ||    63
       Punch             |     2 |     3 |     4 |       ||     9
       Short sword       |    79 |   154 |   248 |       ||   481
       Scythe            |       |       |       |    62 ||    62
Throw: Dart              |       |       |     7 |       ||     7
Invok: Minor Destruction |       |       |     2 |       ||     2
       Lesser Servant of |       |       |     1 |       ||     1
 Abil: Stop Flying       |       |       |     1 |       ||     1
       Evoke Flight      |       |       |     1 |       ||     1
 Stab: Sleeping          |     2 |     6 |       |     2 ||    10
       Distracted        |       |     2 |     2 |     1 ||     5
  Eat: Chunk             |     2 |     7 |    14 |     3 ||    26
Armor: Ring mail         |    47 |     8 |       |       ||    55
       Leather armour    |       |     8 |    42 |    13 ||    63
Dodge: Dodged            |   117 |    97 |   201 |    70 ||   485
Block: Buckler           |       |       |     5 |       ||     5
